 Dungeon Crawl Stone Soup version 0.31.0-11-ge490571c62 (webtiles) character file.

Game seed: 1284021554061156583

322916 Flugkiller the Impregnable (level 19, -18/188 HPs)
             Began as a Minotaur Fighter on Jan 28, 2024.
             Was an Elder of Cheibriados.
             Killed from afar by an electric golem (41 damage)
             ... with a bolt of lightning
             ... on level 5 of the Realm of Zot.
             The game lasted 00:21:55 (27558 turns).

Flugkiller the Impregnable (Minotaur Fighter)      Turns: 27558, Time: 00:21:55

Health: -18/188    AC: 42    Str: 41    XL:     19   Next: 56%
Magic:  26/37      EV: 18    Int: 20    God:    Cheibriados [****..]
Gold:   783        SH: 22    Dex: 21    Spells: 18/18 levels left

rFire   + + .        c - +3 broad axe (spect)
rCold   + . .        M - +0 tower shield
rNeg    + . .        R - +4 crystal plate armour
rPois   +            N - +3 hat of Pondering {ponderous, Will+ MP+10 Int+5}
rElec   .            T - scarf {rC+ rF+}
rCorr   +            H - +2 pair of gloves {Str+3}
SInv    .            F - +2 pair of boots of the Saviour {rF+ rN+ rCorr}
Will    +++..        f - amulet of regeneration Stlth
                     D - ring of willpower
HPRegen 1.31/turn    o - ring of poison resistance
MPRegen 0.25/turn

%: no passive effects
@: about to teleport, very slow
A: horns 2, retaliatory headbutt
0: Orb of Zot
}: 3/15 runes: decaying, abyssal, gossamer
a: Renounce Religion, Bend Time, Temporal Distortion, Slouch


You were on level 5 of the Realm of Zot.
You worshipped Cheibriados.
Cheibriados was greatly pleased with you.
You visited 7 branches of the dungeon, and saw 39 of its levels.
You visited the Abyss 1 time.
You also visited: Ossuary, Gauntlet and Ice Cave.

You collected 3376 gold pieces.
You spent 2593 gold pieces at shops.

Inventory:

Hand Weapons
 c - a +3 spectral broad axe (weapon)
   (You found it in an ice cave)
Missiles
 B - 3 throwing nets (quivered)
Armour
 F - the +2 pair of boots of the Saviour (worn) {rF+ rN+ rCorr}
   (You acquired it on level 15 of the Dungeon)

   rF+:       It protects you from fire.
   rN+:       It protects you from negative energy.
   rCorr:     It protects you from acid and corrosion.
 H - a +2 pair of gloves of strength (worn)
   (You acquired it on level 15 of the Dungeon)
 M - a +0 tower shield (worn)
   (You found it on level 7 of the Dungeon)
 N - the +3 hat of Pondering (worn) {ponderous, Will+ MP+10 Int+5}
   (You took it off Gastronok on level 2 of the Lair of Beasts)

   Int+5:     It affects your intelligence (+5).
   Will+:     It increases your willpower.
   MP+10:     It affects your magic capacity (+10).
 R - a +4 crystal plate armour (worn)
   (You found it on level 5 of the Lair of Beasts)
 T - a scarf of resistance (worn)
   (You found it on level 13 of the Dungeon)
Jewellery
 f - an amulet of regeneration (around neck)
   (You found it on level 1 of the Dungeon)
 i - a ring of see invisible
   (You took it off a minotaur in a Gauntlet)
 k - a ring of resist corrosion
   (You found it on level 15 of the Dungeon)
 m - a ring of willpower
   (You found it on level 5 of the Lair of Beasts)
 o - a ring of poison resistance (right hand)
   (You bought it in a shop on level 2 of the Orcish Mines)
 p - a +4 ring of protection
   (You bought it in a shop on level 1 of the Dungeon)
 v - a +5 ring of evasion
   (You found it on level 4 of the Depths)
 D - a ring of willpower (left hand)
   (You found it on level 4 of the Swamp)
Wands
 a - a wand of acid (12)
   (You found it on level 1 of the Lair of Beasts)
 g - a wand of digging (2)
   (You found it on level 13 of the Dungeon)
 h - a wand of roots (11)
   (You found it on level 10 of the Dungeon)
 y - a wand of paralysis (19)
   (You found it on level 5 of the Dungeon)
 E - a wand of mindburst (18)
   (You found it on level 8 of the Dungeon)
Scrolls
 b - 2 scrolls of silence
 j - 4 scrolls of vulnerability
 l - 3 scrolls of immolation
 r - 2 scrolls of identify
 s - 3 scrolls of fear
 t - 8 scrolls of teleportation
 J - 6 scrolls of fog
Potions
 d - 2 potions of might
 e - 3 potions of invisibility
 n - 2 potions of resistance
 q - 14 potions of curing
 u - 6 potions of lignification
 w - 6 potions of heal wounds
 x - 4 potions of enlightenment
 G - 3 potions of ambrosia
 K - 4 potions of berserk rage
 L - 3 potions of magic
 O - a potion of mutation
Miscellaneous
 C - a phantom mirror
   (You found it on level 4 of the Swamp)


   Skills:
 + Level 20.8 Fighting
 - Level 18.0 Axes
 + Level 21.2 Armour
 + Level 15.9 Dodging
 + Level 18.4 Shields
 - Level 12.0 Invocations
 - Level 3.0 Evocations


You had 18 spell levels left.
You didn't know any spells.
Your spell library contained the following spells:

 Spells                   Type           Power      Damage    Failure   Level
 Apportation              Tloc           0%         N/A       83%         1
 Necrotise                Necr           0%         1d4       83%         1
 Slow                     Hex            0%         N/A       83%         1
 Sting                    Conj/Alch      0%         1d3       83%         1
 Summon Small Mammal      Summ           0%         N/A       83%         1
 Cigotuvi's Dreadful Rot  Necr/Alch/Air  0%         N/A       92%         2
 Ensorcelled Hibernation  Hex/Ice        0%         N/A       92%         2
 Call Canine Familiar     Summ           0%         N/A       99%         3
 Confusing Touch          Hex            0%         N/A       99%         3
 Hailstorm                Conj/Ice       0%         3d5       99%         3
 Ozocubu's Armour         Ice            0%         N/A       99%         3
 Passwall                 Erth           0%         N/A       99%         3
 Sigil of Binding         Hex            0%         N/A       99%         3
 Summon Ice Beast         Ice/Summ       0%         N/A       99%         3
 Swiftness                Air            0%         N/A       99%         3
 Vampiric Draining        Necr           0%         2d6       99%         3
 Animate Armour           Summ/Erth      0%         N/A       100%        4
 Dimensional Bullseye     Hex/Tloc       0%         N/A       100%        4
 Dispel Undead            Necr           0%         3d6       100%        4
 Ignite Poison            Fire/Alch      0%         N/A       100%        4
 Martyr's Knell           Necr/Summ      0%         N/A       100%        4
 Summon Blazeheart Golem  Fire/Summ      0%         N/A       100%        4
 Vhi's Electric Charge    Tloc/Air       0%         N/A       100%        4
 Arcjolt                  Conj/Air       0%         1d10      100%        5
 Freezing Cloud           Conj/Ice/Air   0%         6-21      100%        5
 Metabolic Englaciation   Hex/Ice        0%         N/A       100%        5
 Summon Mana Viper        Hex/Summ       0%         N/A       100%        5
 Death Channel            Necr           0%         N/A       100%        6
 Sculpt Simulacrum        Ice/Alch       0%         N/A       100%        6
 Summon Cactus Giant      Summ           0%         N/A       100%        6
 Monstrous Menagerie      Summ           0%         N/A       100%        7
 Maxwell's Capacitive Co  Air            0%         ∞         100%        8


Dungeon Overview and Level Annotations

Branches:
Dungeon (15/15)            Temple (0/1) D:4            Lair (5/5) D:10
  Swamp (4/4) Lair:3       Spider (4/4) Lair:2        Slime (0/5) Lair:5
    Orc (2/2) D:12            Elf (0/3) Orc:2        Vaults (0/5) D:14
 Depths (4/4) D:15            Zot (5/5) Depths:4    Ossuary (visited)
  IceCv (visited)         Gauntlet (visited)

Altars:
Cheibriados
Fedhas
Gozag
Hepliaklqana
Makhleb
Nemelex Xobeh
Qazlal
Ru
Sif Muna
Trog
Wu Jian
Yredelemnul
Zin
The Shining One
Jiyva

Shops:
D:1 *   D:5 *   D:8 *   D:13 ?   Orc:2 [=*(

Portals:
Hell: Depths:3 Depths:4
Abyss: Depths:1 Depths:2 Depths:3
Ziggurat: Depths:4

Annotations:
Swamp:4 2 runed translucent doors, Roxanne; mabla's ghost, journeyman MiFi
Depths:4 exclusion: upstairs


Innate Abilities, Weirdness & Mutations

You have a pair of horns on your head.
You reflexively headbutt those who attack you in melee.


Message History

The Orb Guardian hits you!
Unknown command.
Blink to where?
Press: ? - help, Dir - move target
As you read the scroll of blinking, it crumbles to dust.
The Orb Guardian completely misses you. You furiously retaliate!
You headbutt the Orb Guardian. You block the Orb Guardian's attack. x2
The Orb Guardian misses you.
The Orb Guardian hits you but does no damage.
Unknown command.
You pick up the Orb of Zot!
The Orb lets out an ear-shattering shriek!
The lords of Pandemonium are not amused.
Beware!
Cheibriados tells them not to hurry.
Now all you have to do is get back out of the dungeon!
You hear a roar! x4; You hear a shout!
You hear a deafening roar!
You hear a shout!
You hear a roar!
You hear a chilling moan.
You hear a deafening roar!
You hear a roar! x6
The Orb Guardian hits you but does no damage.
The Orb Guardian misses you. You furiously retaliate!
You headbutt the Orb Guardian!! You block the Orb Guardian's attack. x2
The Orb Guardian misses you. You furiously retaliate!
You headbutt the Orb Guardian. You block the Orb Guardian's attack. x2
The Orb Guardian hits you! The Orb Guardian closely misses you.
Unknown command.
You feel yourself speed up.
The Orb Guardian attacks as it pursues you!
The Orb Guardian hits you but does no damage.
The Orb Guardian hits you!! You block the Orb Guardian's attack.
You hear a loud "Zot"!
The Orb Guardian attacks as it pursues you!
You block the Orb Guardian's attack. The Orb Guardian hits you!
The Orb Guardian hits you!!
The Orb Guardian hits you but does no damage.
You hear a loud "Zot"!
You block the Orb Guardian's attack. x2; The Orb Guardian closely misses you.
The Orb Guardian misses you.
The Orb Guardian hits you but does no damage.
The Orb Guardian hits you.
The Orb Guardian hits you but does no damage.
The electric golem blinks!
The Orb Guardian hits you!!
The Orb Guardian hits you but does no damage.
The Orb Guardian misses you. You furiously retaliate!
You headbutt the Orb Guardian. The Orb Guardian hits you!!
The Orb Guardian hits you!
* * * LOW HITPOINT WARNING * * *
The Orb Guardian hits you.
* * * LOW HITPOINT WARNING * * *
Unknown command.
You step out of the flow of time.
You return to the normal time flow.
You can no longer step out of the flow of time.
Cheibriados lowers the support of your attributes as your movement quickens.
The Killer Klown shouts!
The white draconian roars!
You hear a chilling moan.
Unknown command.
You feel much better. The Orb Guardian drops a net on you.
You become entangled in the net!
An orb of fire comes into view.
You hear a loud "Zot"!
The Orb Guardian hits you! The Orb Guardian hits you!!
* * * LOW HITPOINT WARNING * * *
The Orb Guardian closely misses you. You furiously retaliate!
You headbutt the Orb Guardian!! The Orb Guardian barely misses you.
The orb of fire moves out of view.
Unknown command.
Blink to where?
Press: ? - help, Dir - move target An Orb Guardian, an orb of fire, a white draconian stormcaller, a death cob and a storm dragon come into view.
The white draconian stormcaller is wielding a +0 whip of electrocution.
As you read the scroll of blinking, it crumbles to dust.
Your surroundings suddenly seem different.
An electric golem, a Killer Klown, 2 Orb Guardians, 4 draconians and a moth of wrath come into view.
The Killer Klown is wielding a +8 spectral club.
Found a potion of haste and a staff of conjuration.
The Killer Klown shouts!
The green draconian roars!
The purple draconian shifter roars!
The red draconian roars!
The yellow draconian roars!
The moth of wrath's fur bristles in rage as it notices you.
The storm dragon roars deafeningly!
You hear a roar!
You hear a shout!
You hear a roar! x2
The electric golem hurls lightning at you.
The bolt of lightning misses you. The yellow draconian spits acid at you.
The glob of acid hits you but does no damage.
The acid corrodes you!
The purple draconian shifter breathes dispelling energy at you.
The bolt of dispelling energy hits you!!
Your magical effects are unravelling.
* * * LOW HITPOINT WARNING * * *
The Orb Guardian moves out of view.
The white draconian stormcaller moves out of view.
The death cob moves out of view.
You hear a roar! x2; You hear a deafening roar!
Unknown command.
As you read the scroll of teleportation, it crumbles to dust.
You feel strangely unstable.
You feel the Orb delaying your translocation!
You are no longer corroded.
The electric golem hurls lightning at you.
The bolt of lightning hits you!!!
You die...

**,,,,,,,,,,,,,.........▓
▓▓.^...............z*...
*▓...d...^.q.^..........▓
**...........d..*....X...▓
*,.......d^....D.........▓
*,.....p.9...............#
**.....X................##
*▓...................▓##
*▓.9...@.^..^....▓▓▓*
▓▓....8##▓▓▓▓▓▓▓*****
*#.......,^,,,,,,,,,,***
*#...y.X...,,,,,,,**,,,,*
**....^......,,,,,,,***,,,
*,|...........,^,,,,,***,,
*,.............,,,,,,* **,
*,..............,^,,,* *,
*,,,,,,,,,,,,,,,,,,,,* **


You could see an orb of fire, a Killer Klown, 2 electric golems, a storm dragon,
a yellow draconian (catching breath), a green draconian, a red draconian, a
purple draconian shifter (catching breath), 2 Orb Guardians and a moth of wrath.

Vanquished Creatures
  2 juggernauts
  Mara (Swamp:4)
  Nikola (Spider:3)
  A golden dragon (Zot:2)
  A bone dragon (Depths:4)
  2 electric golems
  3 tentacled monstrosities
  Jorgrun (D:12)
  Rupert (Orc:2)
  2 Orb Guardians (Zot:4)
  A quicksilver dragon (Zot:1)
  A walking divine tome (Depths:3)
  A sphinx (Depths:3)
  4 death cobs
  A tentacled starspawn (Depths:1)
  Gastronok (Lair:2)
  Aizul (Swamp:1)
  Kirke (Lair:3)
  7 storm dragons
  A thorn hunter (Swamp:4)
  Donald (Spider:4)
  3 tengu reavers (Depths:4)
  2 shadow dragons
  5 fire giants
  A fenstrider witch (Swamp:2)
  2 frost giants
  3 protean progenitors
  A draconian knight (Zot:2)
  3 draconian monks
  7 emperor scorpions
  2 ghost moths (Spider:4)
  3 broodmothers
  3 draconian annihilators
  4 very ugly things
  3 stone giants
  A green draconian (Zot:4)
  A black draconian (Zot:4)
  2 red draconians
  3 eleionomae
  A dire elephant (D:15)
  6 bunyips
  A yellow draconian (Zot:2)
  A minotaur (Gauntlet)
  7 spark wasps
  2 purple draconians
  3 white draconians
  The ghost of Ined the Severer, a journeyman MiBe of Trog (D:13)
  2 fire dragons
  Josephine (D:12)
  8 ettins
  Fannar (D:11)
  A shambling mangrove (Swamp:4)
  3 entropy weavers
  An ice dragon (Depths:3)
  2 jiangshi (Depths:2)
  2 rakshasas
  4 catoblepae
  13 hydras
  Harold (D:11)
  5 alligators
  4 centaur warriors
  A death knight (D:15)
  4 radroaches (Spider:1)
  2 vampire magi
  6 boulder beetles
  2 deep troll shamans (Depths:1)
  A tengu warrior (Depths:1)
  3 spriggan berserkers
  Urug (Lair:2)
  4 demonic crawlers
  27 death yaks
  2 deep troll earth magi (Depths:4)
  6 thrashing horrors
  3 two-headed ogres
  A hell knight (Depths:3)
  An iron troll (Depths:4)
  5 pharaoh ants
  3 wretched stars
  7 skeletal warriors
  Amaemon (Lair:1)
  2 goliath frogs
  2 large abominations
  A deep troll (shapeshifter) (Depths:3)
  5 spriggan druids
  2 sun moths
  13 swamp dragons
  7 orb spiders
  9 deep trolls
  A steelbarb worm (shapeshifter) (Depths:3)
  2 flayed ghosts (Depths:4)
  6 steelbarb worms
  2 orc knights
  6 ugly things
  3 deep elf pyromancers
  An orc sorcerer (Orc:2)
  12 wolf spiders
  A salamander (D:15)
  12 moths of wrath
  A worldbinder (Abyss:3)
  11 cyclopes
  6 manticores
  A will-o-the-wisp (Swamp:1)
  8 meliai
  An ice statue (IceCv)
  9 elephants
  An apocalypse crab (Abyss:2)
  2 black mambas
  A smoke demon (Gauntlet)
  2 eyes of devastation (Depths:4)
  3 torpor snails
  2 gargoyles
  An orange demon (Lair:1)
  12 cane toads
  2 centaur skeletons (D:14)
  A hellion (Gauntlet)
  5 rime drakes
  A yaktaur (shapeshifter) (D:15)
  3 freezing wraiths (D:15)
  A kobold demonologist (D:12)
  11 komodo dragons
  2 tengu conjurers
  2 ancient zymes (Abyss:3)
  Psyche (D:9)
  A queen bee (Abyss:4)
  6 polar bears
  A queen bee (shapeshifter) (D:15)
  4 trolls
  7 tyrant leeches
  25 tarantellas
  2 bloated husks (Swamp:2)
  8 hornets
  7 blink frogs
  3 glass eyes
  2 snapping turtles (Zot:2)
  19 jumping spiders
  Sigmund (D:5)
  18 culicivoras
  3 shadows
  9 spriggans
  A centaur simulacrum (D:15)
  2 vampires
  5 wraiths (D:12)
  17 slime creatures
  2 water elementals (Depths:4)
  33 yaks
  4 basilisks
  5 wyverns
  A hog (shapeshifter) (D:15)
  3 hogs (Lair:3)
  57 redbacks
  15 vampire mosquitoes
  Grum (D:11)
  A yak (shapeshifter) (D:14)
  2 wargs
  Menkaure (D:4)
  7 steam dragons
  2 acid dragons
  A harpy simulacrum (Abyss:3)
  9 swamp worms
  A small abomination (Abyss:3)
  10 water moccasins
  2 black bears
  7 swamp drakes (Swamp:4)
  17 orc warriors
  An ice beast (D:5)
  4 sky beasts
  A boggart (D:14)
  2 laughing skulls (D:13)
  4 ogres
  6 centaurs
  43 wolves
  6 elf zombies (Ossuary)
  6 kobold brigands
  A phantom (D:12)
  14 bullfrogs
  A gnoll sergeant (D:10)
  8 scorpions
  3 wights
  3 troll zombies (D:12)
  9 killer bees
  7 howler monkeys
  2 electric eels (Lair:1)
  4 lava snakes (Lair:1)
  4 bombardier beetles
  2 crimson imps (Gauntlet)
  A quasit (D:6)
  2 centaur zombies (Ossuary)
  8 jellies
  A gnoll bouda (D:6)
  4 hounds
  A human zombie (Ossuary)
  8 orc priests
  7 starcursed masses (Abyss:3)
  A sleepcap (D:5)
  4 iguanas
  20 orc wizards
  13 hell rats
  2 boggart skeletons (D:14)
  3 ogre zombies (D:12)
  2 crocodile zombies (Ossuary)
  3 mummies (Ossuary)
  13 gnolls
  9 adders
  A white imp (D:6)
  2 ufetubi (D:6)
  2 dart slugs (D:3)
  46 orcs
  6 bats
  7 endoplasms
  4 giant cockroaches
  3 gnoll zombies (D:12)
  7 hobgoblins
  4 jackals (D:2)
  4 quokkas
  4 ball pythons
  2 frilled lizards (D:1)
  2 gnoll skeletons (D:12)
  6 goblins
  12 kobolds
  3 orc skeletons (D:12)
  11 orc zombies (D:12)
  4 rats
  2 spectral weapons
1098 creatures vanquished.

Vanquished Creatures (others)
  A rime drake (IceCv)
  A bloated husk (Swamp:4)
  A snapping turtle (Zot:2)
  A vampire mosquito (Swamp:4)
  A swamp worm (Swamp:2)
  An orc wizard (D:9)
  10 foxfires (Swamp:1)
  28 spectral weapons
  5 starspawn tentacles
49 creatures vanquished.

Grand Total: 1147 creatures vanquished

Notes
Turn   | Place    | Note
-------+----------+-------------------------------------------
     0 | D:1      | Flugkiller the Minotaur Fighter began the quest for the
                  | Orb.
     0 | D:1      | Reached XP level 1. HP: 19/19 MP: 0/0
   138 | D:1      | Found Datain's General Store.
   271 | D:1      | Found a faded altar of an unknown god.
   277 | D:1      | Prayed at the altar of an unknown god.
   277 | D:1      | Became a worshipper of Cheibriados the Contemplative
   277 | D:1      | Reached * piety under Cheibriados
   343 | D:1      | Reached XP level 2. HP: 27/27 MP: 1/1
  1131 | D:2      | Reached ** piety under Cheibriados
  1142 | D:2      | Reached skill level 4 in Armour
  1142 | D:2      | Reached XP level 3. HP: 29/33 MP: 2/2
  1374 | D:2      | Reached XP level 4. HP: 41/41 MP: 3/3
  1553 | D:2      | Reached skill level 1 in Invocations
  1756 | D:2      | Reached *** piety under Cheibriados
  2215 | D:3      | Found a hazy altar of Hepliaklqana.
  2227 | D:3      | Found a shimmering blue altar of Sif Muna.
  2286 | D:3      | Noticed a scorpion
  2295 | D:3      | Killed a scorpion
  2296 | D:3      | Reached skill level 5 in Fighting
  2296 | D:3      | Reached XP level 5. HP: 48/48 MP: 3/5
  2405 | D:3      | Noticed a black bear
  2410 | D:3      | Killed a black bear
  2411 | D:3      | Reached XP level 6. HP: 50/56 MP: 6/6
  2498 | D:3      | Found a sparkling altar of Nemelex Xobeh.
  2671 | D:4      | Found a snail-covered altar of Cheibriados.
  2725 | D:4      | Reached skill level 5 in Axes
  3160 | D:4      | Found an ornate altar of the Wu Jian Council.
  3202 | D:4      | Noticed Menkaure
  3208 | D:4      | Killed Menkaure
  3209 | D:4      | Reached skill level 5 in Armour
  3209 | D:4      | Reached skill level 5 in Shields
  3209 | D:4      | Reached XP level 7. HP: 34/63 MP: 7/7
  3266 | D:4      | Found a staircase to the Ecumenical Temple.
  3528 | D:4      | Reached **** piety under Cheibriados
  3703 | D:5      | Entered Level 5 of the Dungeon
  3703 | D:5      | Noticed Sigmund
  3726 | D:5      | Killed Sigmund
  3727 | D:5      | Found a basalt altar of Yredelemnul.
  3756 | D:5      | Found a sand-covered staircase.
  3766 | Ossuary  | Entered an ossuary
  3777 | Ossuary  | Reached XP level 8. HP: 68/73 MP: 9/9
  3846 | Ossuary  | Reached skill level 6 in Armour
  3943 | D:5      | Found Zin's Purification Station.
  3946 | D:5      | Found a glowing silver altar of Zin.
  4067 | D:5      | Identified the +2 flail "Velafeha" {flame, ^Fragile rN+++
                  | rCorr Stlth-}
  4558 | D:6      | Reached XP level 9. HP: 82/82 MP: 11/11
  4918 | D:6      | Found an opulent altar of Gozag.
  5097 | D:6      | Reached skill level 1 in Evocations
  5391 | D:6      | Found a burning altar of Makhleb.
  5719 | D:7      | Found a sacrificial altar of Ru.
  5744 | D:7      | Reached ***** piety under Cheibriados
  5771 | D:7      | Found a bloodstained altar of Trog.
  5775 | D:7      | Reached skill level 7 in Armour
  5904 | D:7      | Found a glowing golden altar of the Shining One.
  6094 | D:7      | Noticed a two-headed ogre
  6099 | D:7      | Killed a two-headed ogre
  6100 | D:7      | Reached skill level 1 in Dodging
  6711 | D:8      | Found a blossoming altar of Fedhas.
  6837 | D:8      | Found Qunix's General Store.
  7238 | D:8      | You fall into a shaft and drop 3 floors!
  7260 | D:11     | Noticed a cyclops
  7265 | D:11     | Killed a cyclops
  7266 | D:11     | Reached skill level 5 in Invocations
  7266 | D:11     | Reached XP level 10. HP: 53/93 MP: 12/12
  7334 | D:11     | Noticed Grum
  7336 | D:11     | Noticed Harold
  7346 | D:11     | Reached skill level 10 in Fighting
  7349 | D:11     | Killed Grum
  7350 | D:11     | Killed Harold
  7430 | D:11     | Noticed a two-headed ogre
  7441 | D:11     | Killed a two-headed ogre
  7442 | D:11     | Reached skill level 10 in Axes
  7442 | D:11     | Reached skill level 8 in Armour
  7471 | D:11     | Noticed a manticore
  7477 | D:11     | Killed a manticore
  7532 | D:11     | Noticed a brown ugly thing
  7545 | D:11     | Killed a brown ugly thing
  7613 | D:11     | Noticed Fannar
  7614 | D:11     | Noticed a manticore
  7637 | D:10     | Entered Level 10 of the Dungeon
  7708 | D:10     | Reached XP level 11. HP: 102/102 MP: 14/14
  7837 | D:10     | Noticed a two-headed ogre
  7844 | D:10     | Killed a two-headed ogre
  8107 | D:9      | Noticed Psyche
  8125 | D:9      | Reached ****** piety under Cheibriados
  8312 | D:9      | Identified the +0 plate armour "Rile" {rPois rC- rCorr
                  | Dex-2}
  8340 | D:9      | Killed Psyche
  8869 | D:10     | Found a staircase to the Lair.
  8979 | D:10     | Identified the +5 ring mail of Xypuc {^Contam rPois rF++
                  | Int+2}
  9332 | D:10     | Found a stormy altar of Qazlal.
  9400 | D:11     | Identified the +8 chain mail of Ajae {rF- rN+ Slay+4}
  9418 | D:11     | Got Sif Muna's Anthology of the Friendly Jinx
  9479 | D:11     | Reached skill level 9 in Armour
  9544 | D:11     | Found a viscous altar of Jiyva.
  9707 | D:11     | Killed Fannar
  9844 | Lair:1   | Entered Level 1 of the Lair of Beasts
  9884 | Lair:1   | Reached skill level 5 in Dodging
  9891 | Lair:1   | Found a gate leading to a gauntlet.
  9900 | Gauntlet | Entered a Gauntlet
  9900 | Gauntlet | Noticed a catoblepas
  9900 | Gauntlet | Found a transporter.
  9900 | Gauntlet | Found a transporter.
  9902 | Gauntlet | Noticed a sixfirhy
  9903 | Gauntlet | Noticed a sixfirhy
  9904 | Gauntlet | Found a runed translucent door.
  9906 | Gauntlet | Found a transporter.
  9908 | Gauntlet | Found a runed translucent door.
  9918 | Gauntlet | Found a transporter.
  9936 | Gauntlet | Found a transporter.
  9936 | Gauntlet | Found a transporter.
  9940 | Gauntlet | Found a transporter.
  9940 | Gauntlet | Found a transporter.
  9942 | Gauntlet | Found a transporter.
  9942 | Gauntlet | Noticed a death scarab
  9943 | Gauntlet | Noticed a death scarab
  9953 | Gauntlet | Found a transporter.
  9967 | Gauntlet | Found a runed translucent door.
  9968 | Gauntlet | Found a transporter.
  9969 | Gauntlet | Found a runed translucent door.
  9978 | Gauntlet | Found a transporter.
  9981 | Gauntlet | Noticed a dire elephant
  9992 | Gauntlet | Found a transporter.
 10014 | Gauntlet | Found a transporter.
 10055 | Gauntlet | Killed a catoblepas
 10065 | Gauntlet | Identified the ring "Qykhlemixt" {Wiz Fly Dex-3 Stlth+}
 10213 | Gauntlet | Identified the amulet "Niutz" {Spirit rElec rC- Dex+3}
 10338 | Gauntlet | Identified the +3 demon trident of the Seventy-Seven Ears
                  | {pain, Fly rF++ rN+ Int-5}
 10338 | Gauntlet | Noticed a minotaur
 10353 | Gauntlet | Killed a minotaur
 10383 | Lair:1   | Reached XP level 12. HP: 82/113 MP: 7/16
 10669 | Lair:1   | Noticed Amaemon
 10683 | Lair:1   | Killed Amaemon
 11402 | Lair:2   | Found a frozen archway.
 11413 | Lair:2   | Reached skill level 10 in Armour
 11427 | IceCv    | Entered an ice cave
 11452 | IceCv    | Noticed a death yak
 11473 | IceCv    | Killed a death yak
 11474 | IceCv    | Reached skill level 10 in Shields
 11624 | IceCv    | Noticed a death yak
 11629 | IceCv    | Noticed a death yak
 11631 | IceCv    | Noticed a death yak
 11635 | IceCv    | Killed a death yak
 11635 | IceCv    | Noticed a death yak
 11645 | IceCv    | Killed a death yak
 11647 | IceCv    | Killed a death yak
 11652 | IceCv    | Killed a death yak
 11656 | IceCv    | Reached XP level 13. HP: 83/123 MP: 17/17
 11709 | IceCv    | Noticed a frost giant
 11728 | IceCv    | Killed a frost giant
 12204 | Lair:2   | Noticed Urug
 12227 | Lair:2   | Killed Urug
 12480 | Lair:2   | Noticed Gastronok
 12491 | Lair:2   | Killed Gastronok
 12492 | Lair:2   | Reached skill level 11 in Armour
 12588 | Lair:2   | Found a hole to the Spider Nest.
 12599 | Lair:2   | You fall into a shaft and drop 1 floor!
 13385 | Lair:3   | Found a staircase to the Swamp.
 13385 | Lair:3   | Noticed an eleionoma
 13391 | Lair:3   | Killed an eleionoma
 13572 | Lair:3   | Noticed Kirke
 13574 | Lair:3   | Reached skill level 15 in Fighting
 13579 | Lair:3   | Noticed a sphinx
 13585 | Lair:3   | Killed Kirke
 14506 | Lair:4   | Reached skill level 15 in Axes
 14506 | Lair:4   | Reached XP level 14. HP: 135/135 MP: 19/19
 15079 | Lair:5   | Entered Level 5 of the Lair of Beasts
 15233 | Lair:5   | Found a staircase to the Slime Pits.
 15303 | Lair:5   | Found a viscous altar of Jiyva.
 15428 | Lair:5   | Reached skill level 12 in Armour
 15598 | Lair:5   | Identified the +0 chain mail "Ciffi" {rElec Regen+}
 16449 | D:8      | Bought a scroll of acquirement for 832 gold pieces
 16449 | D:8      | Acquired a manual of Armour
 16793 | D:12     | Found a staircase to the Orcish Mines.
 16854 | D:12     | Noticed Josephine
 16861 | D:12     | Killed Josephine
 17001 | D:12     | Noticed Jorgrun
 17012 | D:12     | Killed Jorgrun
 17790 | D:13     | Reached XP level 15. HP: 144/144 MP: 21/21
 17916 | D:13     | Found Quviodu's Magic Scroll Shop.
 17923 | D:13     | Bought a scroll of teleportation for 30 gold pieces
 17923 | D:13     | Bought a scroll of teleportation for 30 gold pieces
 17923 | D:13     | Bought a scroll of teleportation for 30 gold pieces
 17923 | D:13     | Bought 3 scrolls of teleportation for 90 gold pieces
 18158 | D:13     | Bought a scroll of revelation for 75 gold pieces
 18213 | D:13     | Found a runed translucent gate.
 18213 | D:13     | Found a runed translucent gate.
 18213 | D:13     | Found a runed translucent gate.
 18223 | D:13     | Noticed Ined's ghost (journeyman MiBe)
 18225 | D:13     | Identified the +0 robe of Dust Devil {rN++ Regen+}
 18323 | D:13     | Reached skill level 13 in Armour
 18363 | D:13     | Found the +8 pair of quick blades "Gyre" and "Gimble"
                  | {protect}
 18583 | D:13     | Killed Ined's ghost
 18673 | D:14     | Reached skill level 10 in Invocations
 18894 | D:14     | Found a gate to the Vaults.
 19285 | D:14     | Reached skill level 10 in Dodging
 19365 | D:15     | Entered Level 15 of the Dungeon
 19560 | D:15     | Acquired a +2 pair of gloves of strength
 19561 | D:15     | Acquired 1060 gold pieces
 19562 | D:15     | Acquired the +2 pair of boots of the Saviour {rF+ rN+
                  | rCorr}
 19629 | D:15     | Found an opulent altar of Gozag.
 19710 | D:15     | Reached skill level 14 in Armour
 19858 | D:15     | Found a staircase to the Depths.
 20575 | Swamp:1  | Entered Level 1 of the Swamp
 20575 | Swamp:1  | Identified the serpent talisman of Elounido {rF+}
 20575 | Swamp:1  | Noticed Aizul
 20580 | Swamp:1  | Killed Aizul
 20844 | Orc:1    | Entered Level 1 of the Orcish Mines
 20851 | Orc:2    | Entered Level 2 of the Orcish Mines
 20857 | Orc:2    | Noticed Rupert
 20867 | Orc:2    | Killed Rupert
 20904 | Orc:2    | Found a staircase to the Elven Halls.
 20964 | Orc:2    | Found Wile's General Store.
 20983 | Orc:2    | Bought a scroll of butterflies for 60 gold pieces
 21021 | Orc:2    | Found Kitokhly's Antique Weapon Emporium.
 21029 | Orc:2    | Reached XP level 16. HP: 154/154 MP: 23/23
 21123 | Orc:2    | Found Miny's Jewellery Emporium.
 21131 | Orc:2    | Bought a ring of poison resistance for 240 gold pieces
 21176 | Orc:2    | Found Adiofa's Antique Armour Shoppe.
 21372 | Orc:2    | Bought an ichor-stained plate armour for 728 gold pieces
 21372 | Orc:2    | Identified the +0 plate armour "Inumneh" {rC- Dex+6 Stlth+}
                  | (You bought it in a shop on level 2 of the Orcish Mines)
 21657 | D:1      | Bought a +4 ring of protection for 396 gold pieces
 21657 | D:1      | Bought a scroll of enchant armour for 82 gold pieces
 22071 | Swamp:3  | Reached skill level 15 in Armour
 22105 | Swamp:4  | Entered Level 4 of the Swamp
 22105 | Swamp:4  | Noticed mabla's ghost (journeyman MiFi)
 22105 | Swamp:4  | Noticed Mara
 22105 | Swamp:4  | Found a large runed translucent door.
 22105 | Swamp:4  | Found a large runed translucent door.
 22107 | Swamp:4  | Noticed Flugkiller's illusion
 22122 | Swamp:4  | Killed Mara
 22230 | Swamp:4  | Noticed Roxanne
 22360 | Swamp:4  | Reached skill level 16 in Armour
 22453 | Swamp:4  | Noticed a thorn hunter
 22465 | Swamp:4  | Killed a thorn hunter
 22590 | Swamp:4  | Got a decaying rune of Zot
 22593 | Swamp:4  | Got a mossy gem with 683 turns to spare
 22794 | Spider:1 | Entered Level 1 of the Spider Nest
 22847 | Spider:1 | Reached skill level 17 in Armour
 22852 | Spider:1 | Reached XP level 17. HP: 140/163 MP: 24/24
 23056 | Spider:2 | Reached skill level 15 in Shields
 23125 | Spider:3 | Noticed Nikola
 23138 | Spider:3 | Killed Nikola
 23145 | Spider:3 | Reached skill level 18 in Armour
 23227 | Spider:4 | Entered Level 4 of the Spider Nest
 23562 | Spider:4 | Noticed Donald
 23574 | Spider:4 | Killed Donald
 23765 | Spider:4 | Reached skill level 19 in Armour
 23775 | Spider:4 | Identified the orb of Compassion {light, Earth}
 23926 | Spider:4 | Got a gossamer rune of Zot
 23947 | Spider:4 | Got a milky-white gem with 622 turns to spare
 24487 | Depths:1 | Entered Level 1 of the Depths
 24487 | Depths:1 | Found a one-way gate to the infinite horrors of the Abyss.
 24707 | Depths:1 | Voluntarily entered the Abyss.
 24789 | Abyss:2  | Reached XP level 18. HP: 176/176 MP: 26/26
 24856 | Abyss:3  | Found a corrupted altar of Lugonu.
 24997 | Abyss:4  | Got an abyssal rune of Zot
 25010 | Depths:1 | Escaped the Abyss
 25288 | Depths:3 | Found a gateway to Hell.
 25513 | Depths:3 | Noticed a juggernaut
 25514 | Depths:3 | Noticed a lich
 25517 | Depths:3 | Noticed a lich
 25519 | Depths:3 | Reached skill level 20 in Armour
 25680 | Depths:4 | Entered Level 4 of the Depths
 26061 | Depths:4 | Found a one-way gateway to a ziggurat.
 26220 | Depths:4 | Noticed a juggernaut
 26232 | Depths:4 | Killed a juggernaut
 26357 | Depths:3 | Killed a juggernaut
 26441 | Depths:4 | Reached skill level 15 in Dodging
 26447 | Depths:4 | Found a gate to the Realm of Zot.
 26447 | Depths:4 | Noticed a bone dragon
 26463 | Depths:4 | Killed a bone dragon
 26594 | Depths:4 | Got a midnight gem with 134 turns to spare
 26596 | Zot:1    | Entered Level 1 of the Realm of Zot
 26599 | Zot:1    | Noticed a tentacled monstrosity
 26616 | Zot:1    | Reached XP level 19. HP: 110/180 MP: 27/27
 26621 | Zot:1    | Noticed an electric golem
 26623 | Zot:1    | HP: 8/181 [electric golem (17)]
 26710 | Zot:2    | Noticed an electric golem
 26839 | Zot:1    | Killed an electric golem
 27184 | Zot:2    | Noticed a golden dragon
 27296 | Zot:2    | Killed an electric golem
 27297 | Zot:2    | Reached skill level 21 in Armour
 27318 | Zot:2    | Killed a golden dragon
 27473 | Zot:5    | Entered Level 5 of the Realm of Zot
 27549 | Zot:5    | Noticed an electric golem
 27549 | Zot:5    | Noticed an orb of fire
 27550 | Zot:5    | Noticed an orb of fire
 27550 | Zot:5    | Noticed a Killer Klown
 27550 | Zot:5    | Noticed a Killer Klown
 27553 | Zot:5    | Got the Orb of Zot
 27556 | Zot:5    | Noticed an orb of fire
 27557 | Zot:5    | Noticed an orb of fire
 27557 | Zot:5    | Noticed an electric golem
 27557 | Zot:5    | Noticed a Killer Klown
 27558 | Zot:5    | Killed from afar by an electric golem

Illustrated notes

Levels and vault maps discovered:
D:1:      elethiomel_arrival_quiet, layout_loops_ring, serial_shops,
          nicolae_shop_hallway_plus, hellmonk_ecumenical_altar_heavens_door
D:2:      layout_basic, serial_bayou_pond_e
D:3:      layout_rooms, nicolae_sif_muna_condensation,
          mainiacjoe_overflow_six_doors_small, lemuel_crystal_altar,
          serial_bayou_ford_a
D:4:      layout_loops_corners, nicolae_wu_jian_immortal_techniques,
          cheibriados_altar_1, temple_hall, st_stairs_1, nicolae_letterblocks
          [nicolae_letter_subblock, nicolae_letter_subblock,
          nicolae_letter_subblock, nicolae_letter_subblock,
          nicolae_letter_subblock, nicolae_letter_subblock,
          nicolae_letter_subblock, nicolae_letter_subblock,
          nicolae_letter_subblock, nicolae_letter_subblock,
          nicolae_letter_subblock, nicolae_letter_subblock,
          nicolae_letter_subblock, nicolae_letter_subblock,
          nicolae_letter_subblock, nicolae_letter_subblock,
          nicolae_letter_subblock, nicolae_letter_subblock,
          nicolae_letter_subblock, nicolae_letter_subblock,
          nicolae_letter_subblock, nicolae_letter_subblock,
          nicolae_letter_subblock, nicolae_letter_subblock,
          nicolae_letter_subblock], uniq_menkaure
D:5:      layout_loops_ring, zin_purify, yredelemnul_altar_generic,
          enter_ossuary_1, uniq_sigmund
D:6:      layout_basic, lemuel_round_altar, lemuel_round_altar, serial_demonic,
          serial_demonic_e, serial_demonic_a, serial_demonic_b,
          serial_demonic_f, grunt_ministairs_14, item_on_display_a
D:7:      layout_cave_pools, trog_butcher_becter, overflow_temple_1_default,
          mainiacjoe_overflow_24_doors, corexii_item_surrounded_by_moat
D:8:      layout_cave_pods, fedhas_altar_4, serial_shops, shop
D:9:      layout_basic, chequers_serial_rivers_micro_e, hangedman_misty_isle,
          uniq_psyche
D:10:     layout_loops_ring, mainiacjoe_overflow_surrounded_room,
          lair_entry_dummy
D:11:     layout_cave_pools, kennysheep_nondescript, hex_tiny, jiyva_altar_1,
          uniq_harold, uniq_fannar, uniq_grum
D:12:     layout_long_grid, zombieorc1_lemuel, uniq_josephine, uniq_jorgrun
D:13:     layout_loops_ring, serial_shops, shop, biasface_ghost_orc_armoury,
          hellmonk_guarded_unrand_gyre_and_gimble
D:14:     layout_roguey, hangedman_vaults_entry_quadrant_bands,
          hangedman_decor_opposing
D:15:     hangedman_depths_entry_try_elsewhere_first, layout_basic,
          serial_curves, eino_curves_01, eino_curves_03, eino_curves_04,
          nicolae_concentric_dashed_squares_mild,
          nicolae_gozag_cash_rules_everything_around_me
Lair:1:   layout_regular_city, gauntlet_entry_generic,
          nicolae_lair_liquid_snakes, serial_bayou_shore_a, uniq_amaemon
Lair:2:   layout_regular_city, nicolae_spider_entry_lesser_pyramids,
          portal_ice_cave_entry_pillars_2, serial_forest,
          infiniplex_forest_end_2, infiniplex_forest_lined_3,
          infiniplex_forest_zigzag_2, infiniplex_forest_end_double,
          infiniplex_forest_clump_curved, infiniplex_forest_pool,
          infiniplex_forest_lined_3, infiniplex_forest_lined_4_way,
          uniq_gastronok, uniq_urug
Lair:3:   layout_regular_city, alex1729_swamp_entry_worm_eleionoma, uniq_kirke
Lair:4:   layout_hall_layers
Lair:5:   evilmike_catoblepas_cave, layout_gridlike,
          nicolae_slime_entry_field_trip, grunt_megastairs_3
Swamp:1:  layout_basic_swamp, nicolae_swamp_ascending_descending_big, uniq_aizul
Swamp:2:  cheibrodos_swamp_monstrosity, layout_falls_marsh,
          evilmike_swamp_ruin_house_1
Swamp:3:  layout_basic_swamp, nicolae_swamp_triple_paths, swamp_pool_4,
          nicolae_swamp_tree_isthmus
Swamp:4:  swamp, layout_basic_swamp, ebering_ghost_disaster_area, uniq_roxanne,
          uniq_mara
Spider:1: cheibrodos_forgotten_conduit, nicolae_spider_solar_radiation
Spider:2: layout_spider_delve
Spider:3: layout_spider_delve, uniq_nikola, uniq_bai_suzhen, uniq_louise
Spider:4: grunt_spider_rune_circles, uniq_donald
Orc:1:    layout_caves
Orc:2:    grunt_orc_gardens, layout_caves, grunt_orc_garden, grunt_orc_garden,
          grunt_orc_garden, grunt_orc_garden, uniq_rupert
Depths:1: layout_gridville, abyss_entry, hellmouth_2, rand_demon_pan_entry_4,
          hangedman_decor_clover_reticule, nicolae_titane
Depths:2: minmay_bloctagon_deflated, layout_basic, grunt_dithmenos_smoke,
          pan_entry, hell_entry, abyss_entry, nicolae_triple_integral,
          minmay_shoptagon, uniq_sojobo
Depths:3: nzn_winding_woodlands_huge [nzn_winding_woodlands_5x15_crooked,
          nzn_winding_woodlands_5x15_concentric,
          nzn_winding_woodlands_5x15_pockets,
          nzn_winding_woodlands_5x15_split_checker,
          nzn_winding_woodlands_5x15_eye, nzn_winding_woodlands_5x15_parted,
          nzn_winding_woodlands_5x15_sawtooth,
          nzn_winding_woodlands_5x15_sidewinder,
          nzn_winding_woodlands_5x15_default,
          nzn_winding_woodlands_5x15_lazy_stream,
          nzn_winding_woodlands_center_garden,
          nzn_winding_woodlands_center_diamonds,
          nzn_winding_woodlands_15x15_five_gardens], layout_cave_shapes,
          pf_vacation_house_of_asmodeus, chequers_serial_rivers_small_b,
          abyss_entry_small_statue_room, corexii_corridor_pit,
          lemuel_statue_altar, chequers_decorated_corner,
          minmay_checkered_concentric_circles
Depths:4: grunt_zot_entry_funnels, layout_cave_shapes, enter_ziggurat_d,
          serial_bayou, serial_bayou_pond_d, serial_bayou_pond_a,
          serial_bayou_lagoon_a, serial_bayou_shore_b, hell_entry,
          skrybe_limestone_x, nicolae_hepliaklqana_monster_ancestors
Zot:1:    layout_basic
Zot:2:    layout_misc_corridors, regret_index_zotdec_storm_pass, st_stairs_7
Zot:3:    layout_concentric_octagons
Zot:4:    gammafunk_sealed_arena, layout_gridlike, regret_index_zotdec_onion_hex
Zot:5:    layout_misc_corridors, grunt_ministairs_10

Skill      XL: |  1  2  3  4  5  6  7  8  9 10 11 12 13 14 15 16 17 18 19 |
---------------+----------------------------------------------------------+-----
Fighting       | 4 5 6 7 8 9 11 12 13 15 16 17 19 20 | 20.8
Axes           | 3 4 5 6 7 9 10 12 13 15 16 17 18 | 18.0
Armour         | 4 5 6 7 8 9 10 11 12 14 17 19 20 21 | 21.2
Shields        | 4 5 6 7 8 9 10 11 12 13 14 16 17 18 | 18.4
Invocations    | 1 2 3 4 5 6 7 8 9 10 11 12 | 12.0
Evocations     | 2 3 |  3.0
Dodging        | 1 3 5 6 8 9 10 12 13 15 | 15.9

Action                     |  1- 3 |  4- 6 |  7- 9 | 10-12 | 13-15 | 16-18 | 19-21 || total
---------------------------+-------+-------+-------+-------+-------+-------+-------++-------
  Melee: War axe           |    57 |    75 |   191 |   497 |    20 |       |       ||   840
         Headbutt          |     8 |    17 |    46 |   123 |   195 |   171 |    58 ||   618
         Broad axe         |       |       |       |       |   633 |   726 |   164 ||  1523
 Invoke: Slouch            |       |       |       |     7 |     6 |    15 |     4 ||    32
         Step From Time    |       |       |       |       |       |       |     3 ||     3
         Temporal Distorti |       |       |       |       |       |       |     1 ||     1
  Evoke: Wand              |       |       |       |     5 |       |     8 |       ||    13
    Use: Scroll            |       |     6 |     6 |     5 |    15 |    10 |     9 ||    51
         Potion            |       |       |     2 |     2 |     3 |     1 |     4 ||    12
   Stab: Paralysed         |       |       |       |     1 |       |     4 |       ||     5
         Distracted        |       |       |       |       |    12 |    31 |     4 ||    47
         Invisible         |       |       |       |       |       |       |    12 ||    12
 Armour: Scale mail        |    21 |       |       |       |       |       |       ||    21
         Chain mail        |    43 |       |       |   176 |   183 |       |       ||   402
         Plate armour      |     8 |    66 |   172 |   171 |       |       |       ||   417
         Skin              |       |       |       |     3 |     5 |       |       ||     8
         Crystal plate arm |       |       |       |       |   127 |   477 |   159 ||   763
  Dodge: Dodged            |    30 |    24 |    60 |   192 |   202 |   361 |   109 ||   978
  Block: Buckler           |    18 |    29 |    66 |       |       |       |       ||   113
         Tower shield      |       |       |    54 |   578 |   640 |   944 |   227 ||  2443
